 Dungeon Crawl Stone Soup version 0.19.5 (webtiles) character file.

833 tidbits the Skirmisher (level 7, 0/49 HPs)
             Began as a High Elf Wanderer on Oct 30, 2017.
             Was a Follower of Uskayaw.
             Slain by tidbits's ghost (12 damage)
             ... on level 5 of the Dungeon.
             The game lasted 00:32:38 (3014 turns).

tidbits the Skirmisher (High Elf Wanderer)          Turns: 3014, Time: 00:32:38

Health: 0/49       AC: 14    Str: 12    XL:     7   Next: 65%
Magic:  12/12      EV: 11    Int: 18    God:    Uskayaw [*.....]
Gold:   46         SH:  4    Dex: 14    Spells: 5 memorised, 2 levels left

rFire  . . .     SeeInvis +     b - +0 long sword
rCold  . . .     Gourm    .     B - +2 scale mail
rNeg   . . .     Faith    +     (no shield)
rPois  .         Spirit   .     E - +0 helmet
rElec  .         Reflect  .     C - +2 cloak {+Inv}
rCorr  .         Harm     .     G - +0 pair of gloves
MR     .....                    (no boots)
Stlth  ..........               L - amulet "Ysan" {Faith SInv}
                                (no ring)
                                W - ring of wizardry

@: very slightly contaminated
A: large bone plates 1, subdued magic 1
a: Stomp, Renounce Religion, Evoke Invisibility


You were on level 5 of the Dungeon.
You worshipped Uskayaw.
Uskayaw was noncommittal.
You were very hungry.

You visited 1 branch of the dungeon, and saw 7 of its levels.

You collected 186 gold pieces.
You spent 140 gold pieces at shops.

Inventory:

Hand Weapons
 a - a +1 short sword of draining
   (You took it off a kobold on level 2 of the Dungeon)
 b - a +0 long sword (weapon)
   (You took it off Blork the orc on level 5 of the Dungeon)
 h - a +0 short sword of venom
   (You took it off an orc on level 5 of the Dungeon)
 j - a +0 dagger
 s - a +0 scythe
   (You found it on level 6 of the Dungeon)
 u - a +0 broad axe
   (You found it on level 3 of the Dungeon)
 x - a +0 dire flail of protection
   (You took it off Edmund on level 4 of the Dungeon)
 Q - a +0 hunting sling
   (You found it on level 3 of the Dungeon)
Missiles
 e - 38 stones (quivered)
 n - 78 arrows
 q - 35 bolts
 D - 8 needles of confusion
 X - 21 sling bullets
Armour
 k - a +2 robe of fire resistance
   (You found it on level 2 of the Dungeon)
 B - a +2 scale mail (worn)
 C - a +2 cloak of invisibility (worn)
   (You found it on level 2 of the Dungeon)
 E - a +0 helmet (worn)
   (You found it on level 3 of the Dungeon)
 G - a +0 pair of gloves (worn)
   (You found it on level 6 of the Dungeon)
 I - a +2 cloak
   (You found it on level 3 of the Dungeon)
Magical Staves
 v - an uncursed staff of death
   (You found it on level 3 of the Dungeon)
Jewellery
 L - the amulet "Ysan" (around neck) {Faith SInv}
   (You bought it in a shop on level 4 of the Dungeon)

   [amulet of faith]

   It allows you to gain divine favour quickly.
   It lets you see invisible.
 W - a ring of wizardry (left hand)
   (You found it on level 1 of the Dungeon)
Wands
 c - a wand of confusion (17/48)
   (You found it on level 5 of the Dungeon)
 P - a wand of slowing (13/48)
   (You found it on level 6 of the Dungeon)
 U - a wand of enslavement (7/24)
   (You found it on level 6 of the Dungeon)
Scrolls
 d - a scroll of recharging {unknown}
 f - 5 scrolls of teleportation
 i - a scroll of random uselessness
 p - a scroll of immolation {unknown}
 r - 2 scrolls of remove curse
 w - 2 scrolls of enchant armour
 K - a scroll of magic mapping {unknown}
 R - a scroll of enchant weapon {unknown}
 V - a scroll of noise {unknown}
 Y - a scroll of identify
Potions
 l - 2 potions of curing
 m - a potion of haste
 t - a potion of cancellation
 z - 2 potions of agility
 H - a potion of mutation {!q}
 M - a potion of flight {unknown}
 N - a potion of might {unknown}
 S - a potion of brilliance
Books
 y - a book of Necromancy
   (You found it on level 4 of the Dungeon)

   Spells                             Type                      Level
   a - Pain                           Necromancy                   1
   b - Animate Skeleton               Necromancy                   1
   c - Vampiric Draining              Necromancy                   3
   d - Regeneration                   Charms/Necromancy            3
   e - Animate Dead                   Necromancy                   4
   f - Control Undead                 Necromancy                   4
 A - a book of Minor Magic
   (You found it on level 4 of the Dungeon)

   Spells                             Type                      Level
   a - Magic Dart                     Conjuration                  1
   b - Blink                          Translocation                2
   c - Call Imp                       Summoning                    2
   d - Repel Missiles                 Charms/Air                   2
   e - Slow                           Hexes                        2
   f - Conjure Flame                  Conjuration/Fire             3
   g - Mephitic Cloud                 Conjuration/Poison/Air       3
 F - a book of Cantrips
   (You found it on level 3 of the Dungeon)

   Spells                             Type                      Level
   a - Confusing Touch                Hexes                        1
   b - Animate Skeleton               Necromancy                   1
   c - Summon Small Mammal            Summoning                    1
   d - Apportation                    Translocation                1
 O - a book of Flames
   (You found it on level 6 of the Dungeon)

   Spells                             Type                      Level
   a - Flame Tongue                   Conjuration/Fire             1
   b - Throw Flame                    Conjuration/Fire             2
   c - Conjure Flame                  Conjuration/Fire             3
   d - Inner Flame                    Hexes/Fire                   3
   e - Sticky Flame                   Conjuration/Fire             4
   f - Fireball                       Conjuration/Fire             5
Comestibles
 g - a meat ration
 o - a slice of pizza
 T - a royal jelly
 Z - 6 bread rations


   Skills:
 - Level 4.5 Fighting
 + Level 1.2 Long Blades
 - Level 1.0 Throwing
 - Level 3.6 Armour
 - Level 4.2 Dodging
 - Level 0.5 Stealth
 - Level 2.9 Spellcasting
   Level 3.2 Conjurations
 - Level 2.3 Charms
 - Level 2.2 Necromancy
 - Level 0.4 Translocations
   Level 1.0 Ice Magic
 - Level 1.0 Evocations


You had 2 spell levels left.
You knew the following spells:

 Your Spells              Type           Power        Failure   Level  Hunger
a - Apportation           Tloc           #.........   36%         1    None
b - Blink                 Tloc           N/A          56%         2    ##.....
m - Repel Missiles        Chrm/Air       #.....       45%         2    ##.....
n - Animate Skeleton      Necr           N/A          14%         1    None
r - Regeneration          Chrm/Necr      #.........   50%         3    ###....


Dungeon Overview and Level Annotations

Branches:
Dungeon (7/15)             Temple (0/1) D:6

Altars:
Ashenzari
Uskayaw

Shops:
D:4 *   D:6 =

Annotations:
D:4 tidbits's ghost, amateur HEWn
D:5 tidbits's ghost, amateur HEWn


Innate Abilities, Weirdness & Mutations

You are partially covered in large bone plates. (SH +4)
Your spells are a little easier to cast, but a little less powerful.


Message History

You hit tidbits's ghost but do no damage.
Tidbits's ghost is severely damaged.
An orc comes into view. It is wielding a short sword of venom.
The orc shouts!
You see here 3 chunks of flesh.
You barely miss the orc. The orc closely misses you.
The orc hits you but does no damage.
You are poisoned.
You closely miss the orc.
You feel sick. The orc misses you.
You riposte.
You slash the orc!
You kill the orc!
Things that are here:
a short sword of venom; a ring mail; an orc corpse
Okay, then.
h - a short sword of venom You feel sick.
Tidbits's ghost seems less confused.
Tidbits's ghost closely misses you.
You riposte.
You barely miss tidbits's ghost.
Tidbits's ghost is severely damaged.
Casting: Regeneration
Confirm with . or Enter, or press ? or * to list all spells.
You don't know that spell.
Evoke which item? (* to show all) (? for menu, Esc to quit)
That item cannot be evoked!
Unknown command.
Evoke which item? (* to show all) (? for menu, Esc to quit)
Zapping:
c - a wand of confusion (21/48)
Press: ? - help, Shift-Dir - straight line, f/p - tidbits's ghost
Aim: tidbits's ghost (severely damaged, chance to defeat MR: 36%) Tidbits's ghost easily resists.
This wand has 20 charges left.
You feel sick.
Tidbits's ghost hits you but does no damage.
Evoke which item? (* to show all) (? for menu, Esc to quit)
Zapping:
c - a wand of confusion (20/48)
Press: ? - help, Shift-Dir - straight line, f/p - tidbits's ghost
Aim: tidbits's ghost (severely damaged, chance to defeat MR: 36%) Tidbits's ghost easily resists.
This wand has 19 charges left.
You block tidbits's ghost's attack.
Evoke which item? (* to show all) (? for menu, Esc to quit)
Zapping:
c - a wand of confusion (19/48)
Press: ? - help, Shift-Dir - straight line, f/p - tidbits's ghost
Aim: tidbits's ghost (severely damaged, chance to defeat MR: 36%) Tidbits's ghost appears confused.
This wand has 18 charges left.
You feel sick.
You hit tidbits's ghost but do no damage.
Tidbits's ghost is severely damaged.
You feel sick. You block tidbits's ghost's attack.
You hit tidbits's ghost but do no damage.
Tidbits's ghost is severely damaged.
You hit tidbits's ghost but do no damage.
Tidbits's ghost is severely damaged.
You feel sick.
You hit tidbits's ghost.
Tidbits's ghost is severely damaged.
You hit tidbits's ghost.
Tidbits's ghost is severely damaged.
You feel sick.
You hit tidbits's ghost but do no damage.
Tidbits's ghost is severely damaged.
You hit tidbits's ghost.
Tidbits's ghost is severely damaged.
You feel sick.
Tidbits's ghost seems less confused.
Tidbits's ghost shrieks, "You will join me soon!"
Tidbits's ghost barely misses you.
You riposte.
You closely miss tidbits's ghost.
Tidbits's ghost is severely damaged.
Evoke which item? (* to show all) (? for menu, Esc to quit)
Zapping:
P - a wand of slowing (15/48)
Press: ? - help, Shift-Dir - straight line, f/p - tidbits's ghost
Aim: tidbits's ghost (severely damaged, chance to defeat MR: 43%) Tidbits's ghost resists with some effort.
This wand has 14 charges left.
Tidbits's ghost hits you!
* * * LOW HITPOINT WARNING * * *
Evoke which item? (* to show all) (? for menu, Esc to quit)
Zapping:
c - a wand of confusion (18/48)
Press: ? - help, Shift-Dir - straight line, f/p - tidbits's ghost
Aim: tidbits's ghost (severely damaged, chance to defeat MR: 36%) Tidbits's ghost appears confused.
This wand has 17 charges left.
Evoke which item? (* to show all) (? for menu, Esc to quit)
Zapping:
P - a wand of slowing (14/48)
Press: ? - help, Shift-Dir - straight line, f/p - tidbits's ghost
Aim: tidbits's ghost (severely damaged, confused, chance to defeat MR: 43%) Tidbits's ghost seems to slow down.
This wand has 13 charges left.
You feel sick. Tidbits's ghost hits you!
* * * LOW HITPOINT WARNING * * *
You feel better.
You hit tidbits's ghost but do no damage.
Tidbits's ghost is severely damaged.
Tidbits's ghost completely misses you.
You closely miss tidbits's ghost.
Tidbits's ghost is severely damaged.
You catch the helpless tidbits's ghost completely off-guard!
You hit tidbits's ghost but do no damage.
Tidbits's ghost is severely damaged.
You hit tidbits's ghost.
Tidbits's ghost is severely damaged.
You hit tidbits's ghost.
Tidbits's ghost is almost destroyed.
You hit tidbits's ghost but do no damage.
Tidbits's ghost is almost destroyed.
Tidbits's ghost seems less confused.
Tidbits's ghost hits you!
You die...

..#.............#..#
#####.......
#######....<....#..#
#...........
#.........##.###.######.###
#.........#...##.# #.#
#.........#......# ##.#
#########.....[..# ##..#
#######...#.##%## #..##
........#W#>##.)# #.#####
########@.#.###(###.#....
#.##(###.(...#....
#####.##(...###.......
......#####.####.#....
#...................
#......##.####.#....
....#######...##.#.... ...#
#...##.# ... ###.##.# ###


You could see tidbits's ghost.

Vanquished Creatures
  Edmund (D:4)
  A bullfrog (D:6)
  Blork the orc (D:5)
  A scorpion (D:6)
  A bullfrog zombie (D:6)
  2 hounds (D:4)
  2 bullfrog skeletons (D:4)
  2 iguanas
  2 worker ants (D:5)
  7 gnolls
  5 adders
  A shadow imp (D:5)
  5 worms
  3 dart slugs
  A leopard gecko (D:2)
  2 orcs
  3 bats
  6 giant cockroaches
  4 goblins
  7 hobgoblins
  10 jackals
  9 kobolds
  5 quokkas
  2 ball pythons
  5 frilled lizards
  10 rats
98 creatures vanquished.

Vanquished Creatures (collateral kills)
  An ogre (D:6)
  A giant cockroach (D:3)
2 creatures vanquished.

Grand Total: 100 creatures vanquished

Notes
Turn   | Place    | Note
-------+----------+-------------------------------------------
     0 | D:1      | tidbits the High Elf Wanderer began the quest for the Orb.
     0 | D:1      | tidbits set off with: a +2 scale mail, a potion of curing, a scroll of teleportation, a +0 dagger, a bread ration
     0 | D:1      | Reached XP level 1. HP: 14/14 MP: 3/3
   111 | D:1      | Reached skill level 1 in Dodging
   129 | D:1      | Reached XP level 2. HP: 14/20 MP: 4/4
   378 | D:2      | Reached XP level 3. HP: 18/25 MP: 5/5
   413 | D:2      | Reached skill level 2 in Dodging
   530 | D:2      | Reached skill level 3 in Fighting
   699 | D:2      | Gained mutation: Your body sometimes deteriorates upon taking damage. [potion of mutation]
   699 | D:2      | Gained mutation: You have a pair of small antennae on your head. [potion of mutation]
   699 | D:2      | Gained mutation: You regenerate slowly when monsters are visible. [potion of mutation]
   700 | D:2      | Lost mutation: Your body sometimes deteriorates upon taking damage. [potion of cure mutation]
   700 | D:2      | Lost mutation: You have a pair of small antennae on your head. [potion of cure mutation]
   700 | D:2      | Lost mutation: You regenerate slowly when monsters are visible. [potion of cure mutation]
   991 | D:2      | Reached XP level 4. HP: 29/31 MP: 6/6
  1115 | D:3      | Found a hide-covered altar of Uskayaw.
  1141 | D:3      | Reached skill level 3 in Dodging
  1230 | D:3      | Became a worshipper of Uskayaw the Reveler
  1272 | D:4      | Noticed tidbits's ghost (amateur HEWn)
  1326 | D:3      | Reached * piety under Uskayaw
  1399 | D:4      | Noticed Edmund
  1411 | D:4      | Reached ** piety under Uskayaw
  1439 | D:4      | Killed Edmund
  1439 | D:4      | Reached skill level 4 in Fighting
  1439 | D:4      | Reached skill level 4 in Dodging
  1439 | D:4      | Reached XP level 5. HP: 28/38 MP: 4/7
  1518 | D:4      | Learned a level 1 spell: Animate Skeleton
  1522 | D:4      | Learned a level 3 spell: Regeneration
  1530 | D:5      | Entered Level 5 of the Dungeon
  1601 | D:4      | Reached XP level 6. HP: 43/44 MP: 5/9
  1704 | D:4      | Reached skill level 1 in Charms
  1704 | D:4      | Reached skill level 1 in Necromancy
  1710 | D:4      | Reached *** piety under Uskayaw
  1861 | D:3      | Learned a level 1 spell: Apportation
  1882 | D:3      | Found a shattered altar of Ashenzari.
  2063 | D:4      | Found Loikh's Assorted Antiques.
  2066 | D:4      | Bought a brightly glowing zirconium amulet for 140 gold pieces
  2066 | D:4      | Identified the amulet "Ysan" {Faith SInv} (You bought it in a shop on level 4 of the Dungeon)
  2176 | D:6      | Reached skill level 2 in Spellcasting
  2209 | D:6      | Reached **** piety under Uskayaw
  2233 | D:6      | Learned a level 2 spell: Repel Missiles
  2236 | D:6      | Learned a level 2 spell: Blink
  2278 | D:6      | Found Poadeiqof's Jewellery Boutique.
  2290 | D:6      | Reached skill level 2 in Armour
  2304 | D:6      | Reached XP level 7. HP: 20/49 MP: 3/11
  2335 | D:6      | Found a staircase to the Ecumenical Temple.
  2404 | D:6      | Reached skill level 3 in Armour
  2593 | D:5      | Noticed Blork the orc
  2602 | D:5      | Killed Blork the orc
  2602 | D:5      | Reached skill level 2 in Charms
  2602 | D:5      | Reached skill level 2 in Necromancy
  2634 | D:5      | Noticed tidbits's ghost (amateur HEWn)
  2843 | D:5      | Gained mutation: You are partially covered in large bone plates. (SH +4) [potion of mutation]
  2843 | D:5      | Gained mutation: Your spells are a little easier to cast, but a little less powerful. [potion of mutation]
  2882 | D:5      | Reached skill level 1 in Long Blades
  3014 | D:5      | Slain by tidbits's ghost

Skill      XL: |  1  2  3  4  5  6  7 |
---------------+----------------------+-----
Dodging        | 1 2 4 |  4.2
Fighting       | 3 4 |  4.5
Charms         | 1 2 |  2.3
Necromancy     | 1 2 |  2.2
Spellcasting   | 2 |  2.9
Armour         | 2 3 |  3.6
Long Blades    | 1 |  1.2
Throwing       | |  1.0
Stealth        | |  0.5
Conjurations   | |  3.2
Translocations | |  0.4
Ice Magic      | |  1.0
Evocations     | |  1.0

Action                   |  1- 3 |  4- 6 |  7- 9 || total
-------------------------+-------+-------+-------++-------
Melee: Dagger            |   164 |    12 |       ||   176
       Short sword       |    37 |   238 |    46 ||   321
       Long sword        |       |       |    60 ||    60
Throw: Stone             |    21 |       |     1 ||    22
       Tomahawk          |       |       |    14 ||    14
 Cast: Animate Skeleton  |       |     2 |     2 ||     4
       Regeneration      |       |       |     5 ||     5
       Repel Missiles    |       |       |     1 ||     1
Invok: Line Pass         |       |     3 |       ||     3
 Abil: Evoke Invisibilit |     2 |     6 |     4 ||    12
Evoke: Wand              |       |       |    26 ||    26
  Use: Scroll            |     6 |     4 |     3 ||    13
       Potion            |     4 |     1 |     3 ||     8
 Stab: Invisible         |     2 |    13 |     2 ||    17
       Paralysed         |       |     3 |       ||     3
       Confused          |       |       |     5 ||     5
  Eat: Chunk             |     2 |     6 |     3 ||    11
       Royal jelly       |       |     1 |       ||     1
       Beef jerky        |       |       |     1 ||     1
Armor: Scale mail        |    23 |   103 |    48 ||   174
       Ring mail         |    52 |       |       ||    52
Dodge: Dodged            |   114 |   145 |    57 ||   316
       Deflected         |       |       |     1 ||     1
Block: Other             |       |       |     4 ||     4
       Rpst.: Long sword |       |       |     8 ||     8

Table legend:
 A = Turns spent in this place as a percentage of turns spent in the entire game.
 B = Non-inter-level travel turns spent in this place as a percentage of non-inter-level travel turns spent in the entire game.
 C = Inter-level travel turns spent in this place as a percentage of turns spent in this place.
 D = Turns resting spent in this place as a percentage of non-inter-level travel turns spent in this place.
 E = Turns spent auto-exploring this place as a percentage of non-inter-level travel turns spent in this place.
 F = Non-inter-level travel turns spent in this place divided by the number of levels of this place that you've seen.
                   A       B       C       D       E      F
               +-------+-------+-------+-------+-------+----------------------
         Total | 100.0 | 100.0 |   0.1 |   0.0 |   0.0 | 413.7
       Dungeon | 100.0 | 100.0 |   0.1 |   0.0 |   0.0 | 413.7
               +-------+-------+-------+-------+-------+----------------------

Table legend:
 A = Kills in this place as a percentage of kills in entire the game.
 B = Kills by you in this place as a percentage of kills by you in the entire game.
 C = Kills by friends in this place as a percentage of kills by friends in the entire game.
 D = Other kills in this place as a percentage of other kills in the entire game.
 E = Experience gained in this place as a percentage of experience gained in the entire game.
 F = Experience gained in this place divided by the number of levels of this place that you have seen.
                   A       B       C       D       E      F
               +-------+-------+-------+-------+-------+----------------------
         Total | 100.0 | 100.0 | 100.0 |  -nan | 100.0 | 170.0
       Dungeon | 100.0 | 100.0 | 100.0 |  -nan | 100.0 | 170.0
               +-------+-------+-------+-------+-------+----------------------

Vault maps used:
D:1:      lightli_arrival_flooded_house
D:2:      grunt_decor_arrowhead, st_stairs_5, grunt_ministairs_5
D:3:      minmay_roachtagon, eat_drink_and_be_merry_uskayaw,
          kennysheep_flooded_box, evilmike_ruin_ashenzari
D:4:      serial_shops, kennysheep_mini_moat, first_bread, uniq_edmund
D:5:      uniq_blork_the_orc, uniq_pikel
D:6:      minmay_temple_entry_enclosed_plants, serial_shops, nicolae_shop_stone,
          tgw_fedhas
D:7:      serial_shops, nicolae_shop_behind_doors, grunt_livestock
